 Dungeon Crawl Stone Soup version bcrawl-1.12.2 (webtiles) character file.

Game seed: 767343630460512098

27 Ebbett the Stinger (level 3, 0/31 HPs)
             Began as an Octopode Venom Mage on July 22, 2019.
             Slain by a gnoll
             ... wielding a +0 club
              (4 damage)
             ... on level 2 of the Dungeon.
             The game lasted 00:04:47 (707 turns).

Ebbett the Stinger (Octopode Venom Mage)             Turns: 707, Time: 00:04:48

Health: 0/31       AC: 21    Str:  7    XL:     3   Next: 10%
Magic:  5/6        EV:  2    Int: 18    God:
Gold:   37         SH:  0    Dex: 12    Spells: 5/6 levels left

rFire    . . .     SeeInvis .   a - +0 flail
rCold    . . .     Gourm    .   (no shield)
rNeg     + + +     Faith    .   (helmet currently unavailable)
rPois    +         Spirit   .   (cloak currently unavailable)
rElec    .         Reflect  .   (no amulet)
rCorr    .         Harm     .   (no ring)
MR       .....     NoTele   +   (no ring)
Stlth    ++........             (no ring)
HPRegen  0.10/turn              (no ring)
MPRegen  0.10/turn              (no ring)
                                (no ring)
                                (no ring)
                                (no ring)

@: tree-form
A: almost no armour, stealthy swim, (amphibious), 8 rings, (constrict 8)
a: no special abilities


You were on level 2 of the Dungeon.
You were not hungry.
You were a tree.
You visited 1 branch of the dungeon, and saw 2 of its levels.

You collected 37 gold pieces.

Inventory:

Hand Weapons
 a - a +0 flail (weapon)
 e - a +0 dagger
Scrolls
 g - 2 scrolls of identify
 h - a scroll of remove curse
Potions
 b - a potion of berserk rage
 c - 2 potions of degeneration
 f - a potion of lignification
Comestibles
 d - 3 rations {!d}


   Skills:
 + Level 2.2 Dodging
 + Level 3.3 Stealth
 + Level 2.1 Spellcasting
 + Level 1.0 Conjurations
 + Level 4.6 Poison Magic


You had 5 spell levels left.
You knew the following spells:

 Your Spells              Type           Power        Failure   Level  Hunger
a - Sting                 Conj/Pois      ##..         5%          1    #......

Your spell library contained the following spells:

 Spells                   Type           Power        Failure   Level  Hunger
 Poisonous Vapours        Pois/Air       ##....       11%         2    ###....
 Olgreb's Toxic Radiance  Pois           ###.....     26%         4    #####..
 Ignite Poison            Fire/Tmut/Pois #.......     28%         3    ###....
 Summon Scorpions         Summ/Pois      ##......     56%         4    #####..
 Venom Bolt               Conj/Pois      ##........   83%         5    ######.


Dungeon Overview and Level Annotations

Branches:
Dungeon (2/12)

Altars:


Innate Abilities, Weirdness & Mutations

You cannot wear most types of armour.
You are very stealthy in the water. (Stealth+)
((You are amphibious.))
You can wear up to eight rings at the same time.
((You can use your tentacles to constrict eight enemies at once.))
((Your skin changes colour to match your surroundings (Stealth+).))
((Your rubbery body absorbs attacks. (AC +1, EV +1)))


Message History

The bat hits you but does no damage. x2; The gnoll hits you but does no damage. x2
The bat hits you but does no damage. The gnoll hits you but does no damage.
You closely miss the bat.
The bat is severely wounded.
The bat hits you but does no damage. x2; The gnoll hits you but does no damage. x3
You barely miss the bat.
The bat is severely wounded.
The bat hits you but does no damage. x3; The gnoll hits you but does no damage. x2
You barely miss the gnoll.
The gnoll is severely wounded.
The bat hits you but does no damage. x3; The gnoll hits you but does no damage.
The gnoll completely misses you. The gnoll hits you but does no damage.
You hit the gnoll.
The gnoll is almost dead.
The bat hits you but does no damage. x2; The gnoll hits you but does no damage. x2
You closely miss the bat.
The bat is severely wounded.
The bat hits you but does no damage. x2; The gnoll barely misses you.
The gnoll hits you with a +0 club.
You die...

.......# #.#
#.#...# #.#
.....# #.#
#...# #.#
g#####..# #.#
..gg)..g# #.#
.####.#g###.#
# #bg##.#
#♣g##[#
#..##)#
##..#.#
#..#.# ##...#
#####...###
#.........#
#...[.....#
#<.....>..#


You could see 4 gnolls and a bat.

Vanquished Creatures
  2 dart slugs (D:1)
  2 leopard geckos (D:1)
  4 orcs (D:2)
  A goblin (D:1)
  2 hobgoblins
  3 frilled lizards (D:1)
  3 kobolds (D:1)
17 creatures vanquished.

Notes
Turn   | Place    | Note
-------+----------+-------------------------------------------
     0 | D:1      | Ebbett the Octopode Venom Mage began the quest for the Orb.
     0 | D:1      | Reached XP level 1. HP: 11/11 MP: 3/3
   243 | D:1      | Reached skill level 4 in Poison Magic
   243 | D:1      | Reached XP level 2. HP: 17/17 MP: 3/5
   643 | D:2      | Reached XP level 3. HP: 21/21 MP: 2/6
   707 | D:2      | Slain by a gnoll

Skill      XL: |  1 |
---------------+----+-----
Poison Magic   | 4 |  4.6
Dodging        | |  2.2
Stealth        | |  3.3
Spellcasting   | |  2.1
Conjurations   | |  1.0

Action                   || total
-------------------------++-------
Melee: Unarmed           ||     3
       Dagger            ||     5
       Constrict         ||     5
       Tentacles         ||     1
       Flail             ||    24
 Cast: Sting             ||    27
  Use: Scroll            ||     1
       Potion            ||     1
Armor: Skin              ||    93
Dodge: Dodged            ||    26
